 Dungeon Crawl Stone Soup version 0.30.0-29-ga12c61a403 (webtiles) character file.

Game seed: 1885055921132581632

8218 ChrisAssaf the Arsonist (level 11, -8/84 (85) HPs)
             Began as a Hill Orc Fire Elementalist on June 6, 2023.
             Was a High Priest of Ru.
             Mangled by a vampire mosquito (13 damage)
             ... on level 9 of the Dungeon on June 7, 2023.
             The game lasted 00:47:48 (10899 turns).

ChrisAssaf the Arsonist (HOFE)                     Turns: 10899, Time: 00:47:49

HP:   -8/84 (85)    AC:  0    Str: 14    XL:     11   Next: 27%
MP:   9/25          EV: 13    Int: 23    God:    Ru [*****.]
Gold: 535           SH:  0    Dex: 11    Spells: 0/20 levels left

rFire   + . .        t - +6 Majin-Bo {spellvamp, MP+6 Int+6}
rCold   + . .        (no shield)
rNeg    . . .        L - +0 robe {rC+}
rPois   .            (no helmet)
rElec   .            o - scarf {repulsion}
rCorr   .            (no gloves)
SInv    +            q - +2 pair of boots
Will    .....        D - amulet of magic regeneration
Stlth   ++           E - ring of wizardry
HPRegen 0.34/turn    x - ring of see invisible
MPRegen 0.59/turn

%: repel missiles, clarity, wizardry (x1)
@: exhausted, lightly drained
A: inability to use devices, reduced AC 1, weak-willed 1, clarity, fire
resistance 1
a: Renounce Religion, Draw Out Power, Power Leap, Apocalypse


You were on level 9 of the Dungeon.
You worshipped Ru.
Ru was extremely pleased with you.
You visited 1 branch of the dungeon, and saw 9 of its levels.
You also visited: Ossuary and Bailey.

You collected 535 gold pieces.

Inventory:

Hand Weapons
 d - a +0 dagger
 n - a +2 sling of freezing
 t - the +6 Majin-Bo (weapon) {spellvamp, MP+6 Int+6}
   (You acquired it in an ossuary)

   Int:       It affects your intelligence (+6).
   MP:        It affects your magic capacity (+6).
Missiles
 p - 33 poisoned darts
 H - 3 throwing nets
Armour
 o - a scarf of repulsion (worn)
 q - a +2 pair of boots (worn)
 G - a +1 robe of positive energy
 L - a +0 robe of cold resistance (worn)
Jewellery
 l - a ring of protection from cold
 x - a ring of see invisible (right hand)
 D - an amulet of magic regeneration (around neck)
 E - a ring of wizardry (left hand)
 F - a +6 ring of intelligence
 I - the ring "Laozoi" {Will+ Str+3}
   (You took it off a deep elf zephyrmancer in a bailey)

   [ring of willpower]

   Str:       It affects your strength (+3).
   Will:      It increases your willpower.
Wands
 m - a wand of iceblast (11)
Scrolls
 b - 2 scrolls of noise
 c - 2 scrolls of magic mapping
 e - a scroll of torment
 s - 2 scrolls of vulnerability
 u - 2 scrolls of amnesia
 y - 2 scrolls of teleportation
 z - 2 scrolls of enchant weapon
Potions
 f - a potion of degeneration {unknown}
 g - 2 potions of attraction {unknown}
 h - a potion of resistance
 i - 4 potions of haste {unknown}
 j - a potion of flight {unknown}
 k - 4 potions of magic
 r - 2 potions of lignification {unknown}
 v - 2 potions of curing
 w - a potion of berserk rage
 B - a potion of ambrosia {unknown}
 C - a potion of invisibility {unknown}
 K - a potion of might


   Skills:
 * Level 4.9 Fighting
 * Level 4.2 Short Blades
 * Level 2.8 Staves
 * Level 4.0 Ranged Weapons
 * Level 3.5 Throwing
 * Level 4.7 Armour
 * Level 4.0 Dodging
 * Level 4.0 Stealth
 * Level 5.4 Spellcasting
 * Level 4.3 Conjurations
 * Level 3.5 Hexes
 * Level 0.6 Summonings
 * Level 3.3 Translocations
 * Level 8.1 Fire Magic
 * Level 0.3 Ice Magic


You couldn't memorise any spells.
You knew the following spells:

 Your Spells              Type           Power      Damage    Failure   Level
a - Foxfire               Conj/Fire      100%       2x1d9     1%          1
b - Scorch                Fire           86%        2d9       1%          2
c - Volatile Blastmotes   Fire/Tloc      64%        2d15      1%          3
d - Flame Wave            Conj/Fire      35%        2d10      2%          4
e - Inner Flame           Hex/Fire       33%        N/A       1%          3
f - Tukima's Dance        Hex            22%        N/A       2%          3
g - Summon Ice Beast      Ice/Summ       8%         N/A       28%         4

Your spell library contained the following spells:

 Spells                   Type           Power      Damage    Failure   Level
 Portal Projectile        Hex/Tloc       44%        N/A       2%          3
 Ignite Poison            Fire/Tmut/Pois 18%        N/A       3%          3
 Cigotuvi's Dreadful Rot  Necr/Pois/Air  12%        N/A       6%          2
 Summon Mana Viper        Hex/Summ       15%        N/A       38%         5
 Yara's Violent Unravell  Hex/Tmut       7%         3d5       43%         5
 Freezing Cloud           Conj/Ice/Air   6%         6-21      45%         5
 Blade Hands              Tmut           3%         N/A       65%         5
 Enfeeble                 Hex            11%        N/A       99%         7
 Monstrous Menagerie      Summ           4%         N/A       100%        7


Dungeon Overview and Level Annotations

Branches:
Dungeon (9/15)             Temple (0/1) D:6         Ossuary (visited)
 Bailey (visited)
   Lair: D:8-11         Orc: D:9-12

Altars:
Dithmenos
Fedhas
Makhleb
Okawaru
Ru
Trog
Uskayaw
Xom
Zin

Shops:
D:1 [:[[   D:4 (


Innate Abilities, Weirdness & Mutations

You cannot study or use magical devices.
You take slightly more damage. (AC -5)
You are slightly weak-willed. (Will-)
You possess an exceptional clarity of mind.
Your flesh is heat resistant. (rF+)


Message History

* * * LOW HITPOINT WARNING * * *
The vampire mosquito draws strength from your injuries!
The vampire mosquito barely misses you.
Casting: Flame Wave (dangerous; 2% risk of failure)
Confirm with . or Enter, or press ? or * to list all spells.
Casting: Flame Wave (dangerous; 2% risk of failure)
Press: ? - help, Dir - look around, f - activate A wave of flame ripples out!
The flame wave engulfs the two-headed ogre!
You feel better.
The two-headed ogre is almost dead.
The flame wave engulfs the vampire mosquito!
You destroy the vampire mosquito! (Press . to intensify the flame waves.)
* * * LOW HITPOINT WARNING * * *
You hear an angry buzzing noise.
A vampire mosquito comes into view.
You redirect the two-headed ogre's attack!
The two-headed ogre hits itself with a +0 giant club!!!
The two-headed ogre dies!
A wave of flame ripples out!
The vampire mosquito buzzes angrily.
A wave of flame ripples out!
The flame wave engulfs the vampire mosquito!
The vampire mosquito is moderately damaged.
You finish channelling waves of flame.
The vampire mosquito barely misses you.
Casting: Flame Wave (dangerous; 2% risk of failure)
Confirm with . or Enter, or press ? or * to list all spells.
Casting: Flame Wave (dangerous; 2% risk of failure)
Press: ? - help, Dir - look around, f - activate A wave of flame ripples out!
The flame wave engulfs the vampire mosquito.
The vampire mosquito is moderately damaged. (Press . to intensify the flame waves.)
* * * LOW HITPOINT WARNING * * *
The vampire mosquito bites you.
* * * LOW HITPOINT WARNING * * *
The vampire mosquito draws strength from your injuries!
The vampire mosquito bites you!
You die...

##### ....# #'#.## #.#..##
#.#...###############************
#.#..........#......#,,,,,,,,,,,*
#.##.........#......#,,,,,,,,,,,*
...#.........#.)@...#,,,,,,,,,,,*
._.#.........#..y...#,,,,,,,,,,,*
...#.........#......#,,,,,,,,,,,*
#.##.##.....####'####...,****+***
#.#..#..................,*,,,,,,*
#.#..#..................,*,,,,,,*
#.#..+..................,*,,,,,,*
#'#..#..................,*,,,,,,*
.....###############...#****,,,,*


You could see a vampire mosquito.

Vanquished Creatures
  A two-headed ogre (D:6)
  Erica (D:8)
  An orc knight (Bailey)
  A deep elf zephyrmancer (Bailey)
  A wraith (Ossuary)
  A wyvern (D:9)
  2 steam dragons
  A vampire mosquito (D:9)
  2 water moccasins
  An ice beast (D:7)
  7 orc warriors
  2 sky beasts
  2 black bears
  4 ogres
  2 centaurs
  A kobold brigand (D:6)
  2 bullfrogs
  A gnoll sergeant (D:7)
  10 scorpions
  13 wights
  7 killer bees
  5 howler monkeys (D:9)
  A quasit (D:4)
  5 hounds
  A jelly (D:5)
  2 gnoll boudas
  3 orc priests
  3 sleepcaps (D:6)
  Terence (D:2)
  4 iguanas
  6 orc wizards
  3 mummies (Ossuary)
  11 gnolls
  5 adders
  4 shadow imps
  10 white imps
  5 ufetubi
  2 worms (D:2)
  2 dart slugs
  31 orcs
  5 bats
  8 endoplasms
  7 giant cockroaches
  2 gnoll zombies (Ossuary)
  6 goblins
  5 hobgoblins
  3 jackals (D:3)
  6 quokkas
  12 ball pythons
  3 frilled lizards
  A goblin zombie (Ossuary)
  3 hobgoblin zombies (Ossuary)
  9 kobolds
  3 kobold zombies (Ossuary)
  2 rats
242 creatures vanquished.

Vanquished Creatures (others)
  A two-headed ogre (D:9)
  55 foxfires
56 creatures vanquished.

Grand Total: 298 creatures vanquished

Notes
Turn   | Place    | Note
-------+----------+-------------------------------------------
     0 | D:1      | ChrisAssaf the Hill Orc Fire Elementalist began the quest
                  | for the Orb.
     0 | D:1      | Reached XP level 1. HP: 14/14 MP: 3/3
   194 | D:1      | Found Zimpuloefa's Antique Armour Shoppe.
   200 | D:1      | Reached XP level 2. HP: 16/22 MP: 2/4
   245 | D:1      | Learned a level 2 spell: Scorch
   321 | D:1      | Found Hiameyv's Book Emporium.
   368 | D:1      | Found Enohydure's Antique Armour Shoppe.
   553 | D:2      | Reached XP level 3. HP: 27/27 MP: 5/5
   714 | D:3      | Found a sacrificial altar of Ru.
   720 | D:3      | Became a worshipper of Ru the Awakened
  1449 | D:3      | Reached XP level 4. HP: 34/34 MP: 7/7
  1453 | D:3      | Learned a level 3 spell: Volatile Blastmotes
  1951 | D:2      | Reached skill level 4 in Fire Magic
  2136 | D:2      | Noticed Terence
  2142 | D:2      | Killed Terence
  2143 | D:2      | Reached skill level 1 in Fighting
  2143 | D:2      | Reached skill level 1 in Armour
  2965 | D:1      | Found Asaot's Antique Armour Boutique.
  3196 | D:4      | Noticed an ogre
  3199 | D:4      | Reached XP level 5. HP: 40/40 MP: 8/8
  3201 | D:4      | Killed an ogre
  3202 | D:4      | Reached skill level 1 in Short Blades
  3202 | D:4      | Reached skill level 1 in Ranged Weapons
  3215 | D:4      | Gained mutation: You cannot study or use magical devices.
                  | [Ru sacrifice]
  3215 | D:4      | Reached * piety under Ru
  3215 | D:4      | Reached ** piety under Ru
  3239 | D:4      | Found a burning altar of Makhleb.
  3251 | D:4      | Found a glowing silver altar of Zin.
  3260 | D:4      | Reached XP level 6. HP: 31/47 MP: 3/9
  3330 | D:4      | Found a blossoming altar of Fedhas.
  3482 | D:4      | Noticed an angel
  3483 | D:4      | Noticed a blizzard demon
  3542 | D:4      | Found a hide-covered altar of Uskayaw.
  4090 | D:4      | Learned a level 4 spell: Flame Wave
  4136 | D:4      | Reached skill level 1 in Translocations
  4158 | D:4      | Reached XP level 7. HP: 53/53 MP: 0/11
  4253 | D:4      | Found Fidieni's Antique Weapon Emporium.
  4622 | D:5      | Entered Level 5 of the Dungeon
  4801 | D:5      | Reached skill level 5 in Fire Magic
  4852 | D:5      | Reached skill level 1 in Throwing
  5296 | D:4      | Reached XP level 8. HP: 29/61 MP: 1/12
  5385 | D:4      | Learned a level 3 spell: Inner Flame
  6200 | D:5      | Found an iron altar of Okawaru.
  6427 | D:5      | Found a shimmering altar of Xom.
  6450 | D:5      | Gained mutation: You are slightly weak-willed. (Will-) [Ru
                  | sacrifice]
  6450 | D:5      | Reached *** piety under Ru
  6450 | D:5      | Reached **** piety under Ru
  6482 | D:6      | Reached skill level 1 in Hexes
  6483 | D:6      | Found a staircase to the Ecumenical Temple.
  6605 | D:6      | Noticed a two-headed ogre
  6676 | D:6      | Found a sand-covered staircase.
  6685 | Ossuary  | Entered an ossuary
  6685 | Ossuary  | Noticed a wraith
  6685 | Ossuary  | Noticed a wraith
  6685 | Ossuary  | Noticed a wraith
  6969 | Ossuary  | Identified a scroll of acquirement
  6969 | Ossuary  | Acquired the +6 Majin-Bo {spellvamp, MP+6 Int+6}
  6969 | Ossuary  | Found the +6 Majin-Bo {spellvamp, MP+6 Int+6}
  7031 | Ossuary  | Noticed a wraith
  7046 | Ossuary  | Killed a wraith
  7449 | Ossuary  | Gained mutation: You possess an exceptional clarity of
                  | mind. [potion of mutation]
  7449 | Ossuary  | Gained mutation: Your flesh is heat resistant. (rF+)
                  | [potion of mutation]
  7537 | D:6      | Reached skill level 6 in Fire Magic
  7537 | D:6      | Reached XP level 9. HP: 69/69 MP: 11/14
  7908 | D:6      | Reached skill level 1 in Staves
  7952 | D:6      | Killed a two-headed ogre
  8347 | D:7      | Reached XP level 10. HP: 67/78 MP: 15/16
  8514 | D:7      | Reached skill level 7 in Fire Magic
  9399 | D:7      | Gained mutation: You take slightly more damage. (AC -5) [Ru
                  | sacrifice]
  9399 | D:7      | Reached ***** piety under Ru
  9702 | D:8      | Learned a level 3 spell: Tukima's Dance
  9815 | D:8      | Noticed Erica
  9827 | D:8      | Killed Erica
  9828 | D:8      | Reached skill level 5 in Spellcasting
 10299 | D:9      | Found a shadowy altar of Dithmenos.
 10330 | D:9      | Found a flagged portal.
 10341 | Bailey   | Entered a bailey
 10426 | Bailey   | Found a large runed translucent door.
 10426 | Bailey   | Found a large runed translucent door.
 10456 | Bailey   | Noticed an orc knight
 10459 | Bailey   | Noticed a deep elf zephyrmancer
 10465 | Bailey   | Killed an orc knight
 10469 | Bailey   | Reached XP level 11. HP: 55/85 MP: 8/18
 10497 | Bailey   | Identified the ring "Laozoi" {Will+ Str+3}
 10539 | Bailey   | Killed a deep elf zephyrmancer
 10556 | Bailey   | Identified the +3 scale mail "Xovureit" {rElec rC+++ rCorr
                  | Str+3}
 10630 | Bailey   | Learned a level 4 spell: Summon Ice Beast
 10643 | D:9      | Reached skill level 8 in Fire Magic
 10836 | D:9      | Found a bloodstained altar of Trog.
 10885 | D:9      | Noticed a two-headed ogre
 10896 | D:9      | Killed a two-headed ogre
 10899 | D:9      | Mangled by a vampire mosquito

Illustrated notes

Levels and vault maps discovered:
D:1:      reono_arrival_forest_river, layout_loops_ring, serial_shops,
          nicolae_shop_temple_entry_statues_fountains, shop,
          nicolae_book_shop_shelving, shop, minmay_misc_feat_five
D:2:      layout_loops_cross, kennysheep_cluttered_room, uniq_terence
D:3:      layout_loops_ring, mainiacjoe_overflow_six_doors_small
D:4:      layout_gridville, grunt_temple_overflow_order_and_chaos_2,
          nicolae_uskayaw_dance_hall, mainiacjoe_overflow_24_doors,
          serial_shops, shop, serial_demonic, serial_demonic_f,
          serial_demonic_e, serial_demonic_g, serial_demonic_g,
          serial_demonic_e, serial_demonic_f, serial_demonic_f, serial_demonic_f
D:5:      layout_cave_pools, general_overflow_altar,
          mainiacjoe_overflow_small_starburst
D:6:      layout_rooms, minmay_temple_entry_statues_pillars,
          nicolae_ossuary_entry_monument, hex_tiny, hellmonk_no_cap
D:7:      layout_basic, minmay_quadrilaterals
D:8:      layout_cave_pools, uniq_erica
D:9:      layout_grid_maze, grunt_dithmenos_smoke_and_mirrors,
          mainiacjoe_overflow_surrounded_room, enter_bailey_6, minivault_14,
          st_stairs_12

Skill      XL: |  1  2  3  4  5  6  7  8  9 10 11 |
---------------+----------------------------------+-----
Spellcasting   | 2 3 4 5 |  5.4
Dodging        | 2 3 4 |  4.0
Fire Magic     | 4 5 6 7 8 |  8.1
Fighting       | 1 2 3 4 |  4.9
Armour         | 1 2 3 4 |  4.7
Short Blades   | 1 2 3 4 |  4.2
Ranged Weapons | 1 2 3 4 |  4.0
Stealth        | 2 3 4 |  4.0
Translocations | 1 2 3 |  3.3
Conjurations   | 2 3 4 |  4.3
Throwing       | 1 2 3 |  3.5
Hexes          | 1 2 3 |  3.5
Staves         | 1 2 |  2.8
Summonings     | |  0.6
Ice Magic      | |  0.3

Action                     |  1- 3 |  4- 6 |  7- 9 | 10-12 || total
---------------------------+-------+-------+-------+-------++-------
  Melee: Dagger            |    35 |       |    55 |       ||    90
         Punch             |       |       |     1 |     1 ||     2
         Bo                |       |       |    27 |    54 ||    81
   Fire: Sling             |     3 |    70 |    40 |       ||   113
   Cast: Foxfire           |    12 |     4 |    15 |       ||    31
         Scorch            |    24 |    48 |    76 |    48 ||   196
         Flame Wave        |       |       |    10 |    10 ||    20
 Invoke: Sacrifice Artific |       |     1 |       |       ||     1
         Power Leap        |       |       |     5 |    10 ||    15
         Sacrifice Essence |       |       |     1 |       ||     1
         Apocalypse        |       |       |       |     2 ||     2
         Sacrifice Health  |       |       |       |     1 ||     1
  Evoke: Wand              |       |     1 |       |       ||     1
    Use: Scroll            |     1 |     5 |    21 |     3 ||    30
         Potion            |     1 |     1 |     7 |     5 ||    14
   Stab: Sleeping          |     6 |       |     3 |     3 ||    12
         Invisible         |       |       |     2 |     1 ||     3
         Paralysed         |       |       |       |     1 ||     1
 Armour: Robe              |    18 |    14 |    69 |     6 ||   107
  Dodge: Dodged            |    56 |    74 |   199 |    72 ||   401
         Repelled          |       |     2 |     2 |       ||     4
